 Dungeon Crawl Stone Soup version 0.32-a0-818-gb728d0252e (webtiles) character file.

Game seed: 5197444248547916037

290867 hikkokomori the Fetichist (level 20, -9/158 HPs)
             Began as a Coglin Alchemist on Mar 24, 2024.
             Was an Initiate of Gozag.
             Killed from afar by a deep elf annihilator (48 damage)
             ... with a crystal spear
             ... on level 3 of the Elven Halls.
             The game lasted 02:39:58 (41089 turns).

hikkokomori the Fetichist (Coglin Alchemist)       Turns: 41089, Time: 02:39:59

Health: -9/158     AC:  9    Str: 12    XL:     20   Next: 76%
Magic:  15/45      EV: 25    Int: 25    God:    Gozag
Gold:   3151       SH:  0    Dex: 29    Spells: 1/44 levels left

rFire   . . .        d - staff "Xaifreni" {rElec rF- rN+ Dex+8 Stlth- Necro}
rCold   . . .        O - +9 quick blade (elec) {Armando}
rNeg    + + .        Y - +1 robe "Ukkilig" {Int+4 Archmagi}
rPois   .            f - +2 helmet {SInv}
rElec   +            i - scarf {repulsion}
rCorr   .            m - +0 pair of gloves of Nuliukhu {Fly rC- rN+ MP+9 Str+3}
SInv    +            x - +0 pair of boots of Vehumet's Regard {Int+4}
Will    +....        (amulet unavailable)
Stlth   +++          (ring unavailable)
HPRegen 1.26/turn    (ring unavailable)
MPRegen 0.69/turn    w - adeledicnander matrix {rF+ rC+ Regen+ RegenMP+}

%: repel missiles, archmagi
@: radiating poison, gold aura, flying, hasted, revving, very quick
A: off-hand wielding, slow wielding, warmup strikes, no jewellery
}: 2/15 runes: barnacled, gossamer
a: Renounce Religion, Potion Petition, Call Merchant, Bribe Branch


You were on level 3 of the Elven Halls.
You worshipped Gozag.
Gozag was most pleased with you.
You visited 7 branches of the dungeon, and saw 34 of its levels.
You visited the Abyss 1 time.
You also visited: Bailey and Gauntlet.

You collected 15617 gold pieces.
You spent 5002 gold pieces at shops.
You paid 7464 gold pieces to Gozag.

Inventory:

Hand Weapons
 M - the +9 staff of Olgreb {rPois∞}
   (You acquired it in a bailey)

   Radiate:   It can be activated via the 'a'bility menu to radiate toxic
   energy, with effectiveness depending on Evocations skill.
   Alch:      It enhances your alchemy magic.
   rPois∞: It grants immunity to poison.
 O - a +9 quick blade of electrocution (offhand) {Armando}
Missiles
 n - 5 atropa-tipped darts
 V - a throwing net (quivered)
Armour
 f - a +2 helmet of see invisible (worn)
 i - a scarf of repulsion (worn)
 m - the +0 pair of gloves of Nuliukhu (worn) {Fly rC- rN+ MP+9 Str+3}
   (You found it in a Gauntlet)

   Str+3:     It affects your strength (+3).
   rC-:       It makes you vulnerable to cold.
   rN+:       It protects you from negative energy.
   MP+9:      It affects your magic capacity (+9).
   Fly:       It grants you flight.
 q - a +2 cloak
 x - the +0 pair of boots of Vehumet's Regard (worn) {Int+4}
   (You bought it in a shop on level 4 of the Lair of Beasts)

   Int+4:     It affects your intelligence (+4).
 C - the +0 pair of gloves of the Zebra {rC+ Str+6}
   (You bought it in a shop on level 2 of the Shoals)

   Str+6:     It affects your strength (+6).
   rC+:       It protects you from cold.
 H - a +2 pair of gloves of stealth
 R - the +9 scale mail "Kaudall" {rC++}
   (You bought it in a shop on level 2 of the Shoals)

   rC++:      It greatly protects you from cold.
 Y - the +1 robe "Ukkilig" (worn) {Int+4 Archmagi}
   (You found it on level 1 of the Lair of Beasts)

   Int+4:     It affects your intelligence (+4).
   Archmagi:  It increases the power of your magical spells.
Magical Staves
 d - the staff "Xaifreni" (weapon) {rElec rF- rN+ Dex+8 Stlth- Necro}
   (You found it on level 5 of the Lair of Beasts)

   [staff of death]

   Base accuracy: +5 Base damage: 5 Base attack delay: 1.2 This weapon's minimum
   attack delay (0.6) is reached at skill level 12.
   Dex+8:     It affects your dexterity (+8).
   rF-:       It makes you vulnerable to fire.
   rElec:     It insulates you from electricity.
   rN+:       It protects you from negative energy.
   Stlth-:    It makes you less stealthy.
   Necro:     It increases the power of your Necromancy spells.
   It falls into the 'Staves' category.
   It is a one-graspered weapon.
Gizmo
 w - an adeledicnander matrix (installed) {rF+ rC+ Regen+ RegenMP+}
   (You invented it yourself on level 4 of the Lair of Beasts)

   [adeledicnander matrix]

   rF+:       It protects you from fire.
   rC+:       It protects you from cold.
   Regen+:    It increases your rate of health regeneration.
   RegenMP+:  It increases your rate of magic regeneration.
Talismans
 Q - the granite talisman of Amorality {Str+4 Int-3 Dex+3 Stlth+}
   (You took it off Roxanne on level 1 of the Shoals)

   [granite talisman]

   Str+4:     It affects your strength (+4).
   Int-3:     It affects your intelligence (-3).
   Dex+3:     It affects your dexterity (+3).
   Stlth+:    It makes you more stealthy.
Wands
 u - a wand of flame (25)
 F - a wand of mindburst (21)
 I - a wand of light (3)
 J - a wand of roots (11)
 U - a wand of charming (31)
 X - a wand of digging (9)
Scrolls
 a - 13 scrolls of identify
 b - 3 scrolls of immolation
 c - 3 scrolls of fog
 e - 6 scrolls of brand weapon
 g - 2 scrolls of silence
 l - 2 scrolls of blinking
 o - a scroll of noise
 B - 6 scrolls of teleportation
 E - 3 scrolls of enchant weapon
 K - 4 scrolls of poison
 N - 5 scrolls of revelation
 T - 4 scrolls of fear
 W - 5 scrolls of vulnerability
Potions
 h - 5 potions of brilliance
 j - 3 potions of heal wounds
 k - 7 potions of mutation
 r - 4 potions of invisibility
 s - 3 potions of curing
 t - 2 potions of enlightenment
 v - 5 potions of resistance
 z - 5 potions of might
 A - a potion of lignification
 D - 3 potions of cancellation
 G - 10 potions of ambrosia
 L - 6 potions of attraction
 S - 5 potions of haste
Miscellaneous
 p - a phial of floods (inert)
 y - a lightning rod (4/4)
 P - a sack of spiders
 Z - a tin of tremorstones (1/2)


   Skills:
 + Level 13.8 Fighting
 - Level 10.0 Short Blades
 + Level 9.2 Staves
 - Level 5.0 Armour
 - Level 13.0 Dodging
 - Level 7.0 Stealth
 + Level 12.6 Spellcasting
 - Level 7.0 Conjurations
 - Level 10.0 Necromancy
 - Level 10.0 Ice Magic
 - Level 5.0 Air Magic
 - Level 9.0 Earth Magic
 - Level 10.0 Alchemy
 - Level 18.0 Evocations


You had one spell level left.
You knew the following spells:

 Your Spells              Type           Power      Damage    Failure   Level
a - Death Channel         Necr           49%        N/A       10%         6
b - Mephitic Cloud        Conj/Alch/Air  68%        N/A       1%          3
c - Olgreb's Toxic Radia  Alch           78%        N/A       1%          4
d - Dispel Undead         Necr           99%        3d31      1%          4
e - Swiftness             Air            57%        N/A       1%          3
f - Stone Arrow           Conj/Erth      100%       3d13      1%          3
g - Fugue of the Fallen   Necr           99%        N/A       1%          3
h - Ignite Poison         Fire/Alch      57%        N/A       4%          4
i - Freezing Cloud        Conj/Ice/Air   34%        6-21      4%          5
j - Blink                 Tloc           46%        N/A       6%          2
k - Permafrost Eruption   Ice/Erth       38%        2x4d11    12%         6

Your spell library contained the following spells:

 Spells                   Type           Power      Damage    Failure   Level
 Foxfire                  Conj/Fire      100%       2x1d9     1%          1
 Kiss of Death            Conj/Necr      100%       2d13      1%          1
 Magic Dart               Conj           100%       1d8       1%          1
 Necrotise                Necr           100%       1d9       1%          1
 Sting                    Conj/Alch      100%       1d9       1%          1
 Apportation              Tloc           46%        N/A       3%          1
 Slow                     Hex            92%        N/A       3%          1
 Summon Small Mammal      Summ           92%        N/A       3%          1
 Cigotuvi's Dreadful Rot  Necr/Alch/Air  100%       N/A       1%          2
 Ensorcelled Hibernation  Hex/Ice        100%       N/A       1%          2
 Mercury Vapours          Alch/Air       100%       N/A       1%          2
 Hailstorm                Conj/Ice       72%        3d13      1%          3
 Passwall                 Erth           74%        N/A       1%          3
 Summon Ice Beast         Ice/Summ       57%        N/A       1%          3
 Vampiric Draining        Necr           99%        2d13      1%          3
 Fulminant Prism          Conj/Alch      36%        3d17      1%          4
 Lee's Rapid Deconstruct  Erth           37%        3d18*     2%          5
 Anguish                  Hex/Necr       37%        N/A       4%          4
 Martyr's Knell           Necr/Summ      75%        N/A       4%          4
 Sticky Flame             Fire/Alch      57%        2d10      4%          4
 Call Imp                 Summ           46%        N/A       6%          2
 Animate Armour           Summ/Erth      100%       N/A       6%          4
 Iskenderun's Battlesphe  Conj           66%        2d12      6%          5
 Iskenderun's Mystic Bla  Conj/Tloc      49%        2d11      9%          4
 Sculpt Simulacrum        Ice/Alch       39%        N/A       10%         6
 Confusing Touch          Hex            23%        N/A       12%         3
 Sigil of Binding         Hex            23%        N/A       12%         3
 Tukima's Dance           Hex            23%        N/A       12%         3
 Volatile Blastmotes      Fire/Tloc      46%        2d13      12%         3
 Summon Lightning Spire   Summ/Air       42%        N/A       14%         4
 Yara's Violent Unravell  Hex/Alch       28%        3d12      14%         5
 Bombard                  Conj/Erth      35%        9d6       22%         6
 Passage of Golubria      Tloc           23%        N/A       36%         4
 Summon Forest            Summ/Tloc      11%        N/A       71%         5
 Summon Mana Viper        Hex/Summ       23%        N/A       71%         5
 Starburst                Conj/Fire      24%        6d8       80%         6
 Plasma Beam              Fire/Air       21%        2x1d33    91%         6
 Summon Cactus Giant      Summ           11%        N/A       99%         6
 Spellforged Servitor     Conj/Summ      24%        N/A       100%        7
 Lehudib's Crystal Spear  Conj/Erth      35%        10d9      100%        8


Dungeon Overview and Level Annotations

Branches:
Dungeon (15/15)            Temple (1/1) D:4            Lair (5/5) D:8
 Shoals (4/4) Lair:3       Spider (4/4) Lair:3        Slime (0/5) Lair:4
    Orc (2/2) D:9             Elf (3/3) Orc:2        Vaults (0/5) D:13
 Depths (0/4) D:15         Bailey (visited)         Gauntlet (visited)

Altars:
Ashenzari
Cheibriados
Dithmenos
Elyvilon
Fedhas
Gozag
Hepliaklqana
Kikubaaqudgha
Makhleb
Nemelex Xobeh
Okawaru
Qazlal
Ru
Sif Muna
Trog
Uskayaw
Vehumet
Wu Jian
Xom
Yredelemnul
Zin
The Shining One
Beogh
Jiyva

Shops:
D:8 [   D:13 **   Orc:2 ![!*   Elf:1 (   Elf:3 !   Lair:4 [?:   Shoals:2 [:
Spider:3 [

Portals:
Trove: D:15 (give horn of Geryon)

Annotations:
Shoals:4 Mara
Orc:2 3 runed translucent doors, jasper's ghost, journeyman MDFi


Innate Abilities, Weirdness & Mutations

You can wield a second weapon in your off-hand.
It takes a long time for you to wield or remove held weapons.
Your first few attacks do less damage.
You cannot equip rings or amulets.


Message History

The deep elf zephyrmancer moves out of view.
The deep elf elementalist shouts!
The deep elf annihilator shouts! x2
You hear a shout! x2
Unknown command.
Unknown command.
Unknown command.
Blink to where?
Press: ? - help, Dir - move target, p - deep elf death mage
As you read the scroll of blinking, it crumbles to dust.
The deep elf sorcerer is poisoned.
You kill the deep elf death mage!
The deep elf elementalist looks even sicker.
You kill the deep elf high priest!
The deep elf annihilator is poisoned.
The deep elf elementalist is engulfed in freezing vapours.
You kill the deep elf elementalist!
You feel yourself speed up.
The deep elf annihilator is poisoned.
The deep elf sorcerer looks even sicker.
The deep elf elementalist is poisoned.
Your toxic aura wanes.
The deep elf sorcerer is engulfed in freezing vapours.
The deep elf annihilator gestures wildly while chanting.
The deep elf annihilator blinks!
The deep elf annihilator is engulfed in freezing vapours.
The deep elf sorcerer is engulfed in freezing vapours.
Casting: Ignite Poison (mildly dangerous; 4% risk of failure)
Confirm with . or Enter, or press ? or * to list all spells.
You feel a surge of power!
You begin to radiate toxic energy.
The deep elf annihilator looks even sicker.
The deep elf sorcerer looks even sicker.
The deep elf sorcerer looks as sick as possible!
You barely miss the deep elf annihilator with the staff "Xaifreni".
The deep elf annihilator is moderately wounded.
You barely miss the deep elf annihilator with your +9 quick blade of electrocution.
You puncture the deep elf annihilator with your +9 quick blade of electrocution!
The deep elf annihilator is moderately wounded.
The deep elf annihilator gestures at you while chanting.
The crystal spear hits you!!!
You die...
Your body crumbles into a pile of gold.

.......##
#.........#
#.....##
#......)..#
##...##
#####.#####
##### #.# #.#
#)# #.# #.#
#@# #e# #§##
#§§§## #.§e§.#
##.e§§...
#e.§§§§§..
#...........
#e.....#......


You could see a deep elf annihilator (very poisoned), a deep elf sorcerer
(extremely poisoned) and a deep elf elementalist (fast, repels missiles,
poisoned).

Vanquished Creatures
  Arachne (Spider:3)
  Mlioglotl (Spider:3)
  A lich (Abyss:2)
  A deep elf blademaster (Elf:1)
  A deep elf master archer (Elf:1)
  A kraken (Shoals:2)
  Agnes (Spider:3)
  A tentacled starspawn (Abyss:2)
  Kirke (Shoals:1)
  Roxanne (Shoals:1)
  A daeva (Abyss:2)
  6 emperor scorpions
  A deep elf sorcerer (Elf:1)
  Louise (Shoals:1)
  2 deep elf elementalists (Elf:3)
  3 ghost moths
  The ghost of Duttonia the Stormcaller, a journeyman MeWn of Gozag (Shoals:2)
  A draconian stormcaller (Abyss:2)
  3 broodmothers
  An ironbound preserver (D:13)
  4 very ugly things (Abyss:2)
  2 deep elf death magi (Elf:3)
  2 spark wasps
  3 deep elf demonologists
  A minotaur (Gauntlet)
  A deep elf annihilator (Elf:3)
  Josephine (D:14)
  A fire dragon (Lair:5)
  3 merfolk javelineers (Shoals:4)
  2 entropy weavers
  5 merfolk impalers
  2 rakshasas (D:15)
  2 deep elf high priests (Elf:3)
  9 hydras
  6 jorogumos
  Erolcha (D:11)
  5 radroaches
  6 centaur warriors
  4 merfolk avatars
  A merfolk aquamancer (Shoals:1)
  4 satyrs
  28 dancing weapons
  4 boulder beetles
  A catoblepas (D:14)
  2 death knights
  An ogre mage (D:11)
  6 two-headed ogres
  4 tengu warriors
  8 death scarabs (Spider:4)
  2 occultists
  8 demonic crawlers
  A spectral emperor scorpion (Spider:4)
  11 death yaks
  Sonja (Lair:5)
  7 orc high priests
  A skeletal warrior (D:14)
  3 skysharks
  Lodul (D:14)
  26 deep elf knights
  A sixfirhy (Abyss:2)
  3 large abominations (Abyss:2)
  7 pharaoh ants
  A mana viper (Abyss:2)
  2 sun moths
  9 orb spiders
  3 sea snakes
  13 deep elf archers
  A flayed ghost (D:13)
  3 arcanists
  An orange crystal statue (Gauntlet)
  A steelbarb worm (shapeshifter) (Elf:1)
  An orc knight (Bailey)
  Pikel (D:6)
  11 steelbarb worms
  2 thermic dynamos
  23 deep elf zephyrmancers
  A kraken simulacrum (Shoals:4)
  A spectral wolf spider (Spider:4)
  8 cyclopes
  3 obsidian bats
  7 harpies
  5 lindwurms
  A necromancer (D:15)
  35 deep elf pyromancers
  16 manticores
  22 wolf spiders
  10 ugly things
  8 elephants
  8 orc sorcerers
  9 fauns
  A centaur zombie (D:15)
  13 meliai
  A kobold blastminer (Orc:1)
  5 black mambas
  5 moths of wrath
  A meliai (shapeshifter) (D:15)
  14 merfolk sirens
  3 water nymphs
  A molten gargoyle (Lair:5)
  A smoke demon (Abyss:2)
  2 centaur skeletons
  A gargoyle (D:11)
  6 torpor snails
  8 cane toads
  5 kobold demonologists
  5 spectral redbacks (Spider:4)
  10 komodo dragons
  2 redback zombies (Spider:4)
  An unseen horror (D:12)
  3 rime drakes
  3 freezing wraiths
  A dire elephant skeleton (Abyss:2)
  Psyche (D:8)
  2 tengu conjurers (D:15)
  2 ancient zymes (Abyss:2)
  26 merfolk
  4 wind drakes
  3 polar bears
  A queen bee (Spider:3)
  3 spectral tarantellas (Spider:4)
  11 trolls
  2 hornets
  Prince Ribbit (D:7)
  17 tarantellas
  2 spectral jumping spiders (Spider:4)
  6 snapping turtles
  A culicivora zombie (Spider:4)
  A jumping spider zombie (Spider:4)
  13 blink frogs
  16 dream sheep
  A tarantella zombie (Spider:4)
  6 raiju (Abyss:2)
  30 jumping spiders
  5 air elementals
  A centaur simulacrum (D:13)
  22 culicivoras
  3 slime creatures
  A culicivora (shapeshifter) (D:15)
  24 water elementals
  41 yaks
  2 vampires
  7 wraiths
  4 wyverns
  A human (shapeshifter) (D:15)
  8 basilisks
  A fire bat (shapeshifter) (D:13)
  A yak (shapeshifter) (Elf:2)
  12 vampire mosquitoes
  2 humans (D:10)
  40 redbacks
  Grum (D:9)
  A fire elemental (Elf:1)
  4 hogs (Shoals:1)
  A warg (Orc:1)
  A chaos spawn (Abyss:2)
  Menkaure (D:4)
  4 steam dragons
  Edmund (D:4)
  2 small abominations (Abyss:2)
  2 acid dragons
  15 water moccasins
  4 hell hounds (Lair:5)
  24 orc warriors
  6 black bears
  A meliai simulacrum (D:15)
  A sky beast (D:7)
  5 centaurs
  18 ogres
  14 wolves
  2 lemures (D:6)
  2 weeping skulls (Abyss:2)
  4 kobold brigands
  Blork the orc (D:4)
  17 bullfrogs
  An earth elemental (Elf:3)
  A gnoll sergeant (D:12)
  4 scorpions
  13 wights
  16 killer bees (Spider:3)
  A howler monkey (D:10)
  8 electric eels
  2 bombardier beetles
  2 quasits (Abyss:2)
  5 lava snakes (Lair:5)
  3 jellies (Lair:4)
  28 orc priests
  5 hounds
  A gnoll bouda (D:6)
  An iguana (D:7)
  Ijyb (D:4)
  2 sleepcaps
  31 orc wizards
  5 hell rats (Lair:1)
  Terence (D:2)
  Robin (D:4)
  10 adders
  12 gnolls
  3 white imps (Gauntlet)
  4 ufetubi
  7 dart slugs
  2 ribbon worms
  55 orcs
  A bat (shapeshifter) (D:15)
  8 endoplasms
  4 giant cockroaches
  14 hobgoblins
  4 jackals (D:3)
  19 kobolds
  9 quokkas
  12 ball pythons
  5 bats (D:1)
  28 goblins
  4 rats
  2 tentacles (Shoals:2)
1310 creatures vanquished.

Vanquished Creatures (collateral kills)
  A ghost moth (Spider:1)
  A merfolk impaler (Shoals:4)
  An alligator snapping turtle (Shoals:4)
  A skyshark (Lair:5)
  A spectral wolf spider (Spider:4)
  A wolf spider (Spider:1)
  A moth of wrath (Spider:4)
  A manticore (Shoals:4)
  4 elephants (Lair:5)
  A spectral redback (Spider:4)
  A harpy zombie (Abyss:2)
  A tormentor (Abyss:2)
  A wind drake (Shoals:4)
  2 merfolk (Shoals:4)
  2 spectral culicivoras (Spider:4)
  2 water moccasins (Lair:5)
  A wolf (Lair:5)
23 creatures vanquished.

Vanquished Creatures (others)
  A molten gargoyle (Lair:5)
  A jumping spider (Spider:4)
  10 tentacles
12 creatures vanquished.

Grand Total: 1345 creatures vanquished

Notes
Turn   | Place    | Note
-------+----------+-------------------------------------------
     0 | D:1      | hikkokomori the Coglin Alchemist began the quest for the
                  | Orb.
     0 | D:1      | Reached XP level 1. HP: 13/13 MP: 3/3
    67 | D:1      | Reached skill level 1 in Conjurations
   163 | D:1      | Reached XP level 2. HP: 12/19 MP: 3/5
   219 | D:1      | Found a faded altar of an unknown god.
   523 | D:1      | Reached XP level 3. HP: 24/24 MP: 3/6
   790 | D:1      | You fall into a shaft and drop 1 floor!
   966 | D:1      | Learned a level 3 spell: Mephitic Cloud
  1739 | D:2      | Reached XP level 4. HP: 30/30 MP: 5/7
  2050 | D:2      | Noticed Terence
  2057 | D:2      | Killed Terence
  2344 | D:3      | Reached skill level 1 in Air Magic
  2733 | D:3      | Reached XP level 5. HP: 32/35 MP: 7/9
  3111 | D:3      | Learned a level 4 spell: Olgreb's Toxic Radiance
  3446 | D:4      | Noticed Ijyb
  3454 | D:4      | Killed Ijyb
  3572 | D:4      | Found a staircase to the Ecumenical Temple.
  3604 | Temple   | Entered the Ecumenical Temple
  3640 | Temple   | Became a worshipper of Gozag Ym Sagoz the Greedy
  3702 | D:5      | Entered Level 5 of the Dungeon
  3729 | D:4      | Reached XP level 6. HP: 35/42 MP: 10/10
  3811 | D:4      | Noticed Menkaure
  3823 | D:4      | Killed Menkaure
  3824 | D:4      | Reached skill level 1 in Fighting
  3824 | D:4      | Reached skill level 1 in Evocations
  3927 | D:4      | Noticed Blork the orc
  3942 | D:4      | Killed Blork the orc
  3943 | D:4      | Reached skill level 5 in Alchemy
  3943 | D:4      | Reached skill level 2 in Evocations
  4013 | D:4      | Found a shimmering blue altar of Sif Muna.
  4089 | D:4      | Noticed Edmund
  4114 | D:4      | Killed Edmund
  4115 | D:4      | Reached skill level 3 in Evocations
  4115 | D:4      | Reached XP level 7. HP: 18/51 MP: 1/11
  4286 | D:4      | Found a bloodstained altar of Trog.
  4433 | D:4      | Reached skill level 4 in Evocations
  4620 | D:4      | Reached XP level 8. HP: 56/58 MP: 12/12
  4635 | D:4      | Noticed Robin
  4645 | D:4      | Killed Robin
  4934 | D:4      | Found a blossoming altar of Fedhas.
  5057 | D:5      | Reached skill level 5 in Evocations
  5337 | D:5      | Learned a level 4 spell: Dispel Undead
  5764 | D:5      | Found a shimmering altar of Xom.
  5883 | D:5      | Found a white marble altar of Elyvilon.
  5887 | D:5      | Reached skill level 6 in Evocations
  6212 | D:6      | Reached skill level 1 in Necromancy
  6319 | D:6      | Noticed Pikel
  6329 | D:6      | Killed Pikel
  6330 | D:6      | Reached skill level 5 in Fighting
  6330 | D:6      | Reached skill level 7 in Evocations
  6330 | D:6      | Reached XP level 9. HP: 49/68 MP: 2/13
  6656 | D:6      | Found a snail-covered altar of Cheibriados.
  6976 | D:7      | Found a hide-covered altar of Uskayaw.
  7058 | D:7      | Reached skill level 8 in Evocations
  7206 | D:7      | Noticed Prince Ribbit
  7214 | D:7      | Killed Prince Ribbit
  7861 | D:8      | Found a staircase to the Lair.
  7861 | D:8      | Noticed a komodo dragon
  7861 | D:8      | Noticed a komodo dragon
  7869 | D:8      | Reached XP level 10. HP: 54/77 MP: 11/15
  7874 | D:8      | Reached skill level 5 in Necromancy
  7874 | D:8      | Reached skill level 9 in Evocations
  7882 | D:8      | Noticed Psyche
  7899 | D:8      | Killed Psyche
  8317 | D:8      | Paralysed by a hornet for 2 turns
  8338 | D:8      | Found a flagged portal.
  8421 | Bailey   | Entered a bailey
  8672 | Bailey   | Reached skill level 10 in Evocations
  8707 | Bailey   | Noticed an orc knight
  8717 | Bailey   | Killed an orc knight
  8880 | Bailey   | Noticed an orc high priest
  8891 | Bailey   | Killed an orc high priest
  8892 | Bailey   | Reached XP level 11. HP: 87/87 MP: 0/17
  9136 | Bailey   | Acquired the +9 staff of Olgreb {rPois∞}
  9136 | Bailey   | Found the +9 staff of Olgreb {rPois∞}
  9331 | Bailey   | Found an iron altar of Okawaru.
  9403 | Bailey   | Acquired a manual of Dodging
  9601 | D:8      | Reached skill level 11 in Evocations
  9824 | D:8      | Found a basalt altar of Yredelemnul.
  9905 | D:8      | Reached skill level 1 in Staves
 10004 | D:8      | Found Onuitz's Armour Shoppe.
 10032 | D:8      | Learned a level 3 spell: Swiftness
 10036 | D:8      | Learned a level 3 spell: Stone Arrow
 10431 | D:9      | Noticed Grum
 10438 | D:9      | Killed Grum
 10538 | D:9      | Reached skill level 1 in Short Blades
 10604 | D:9      | Found a staircase to the Orcish Mines.
 10614 | D:9      | Reached skill level 1 in Earth Magic
 10829 | D:9      | Found a broken altar of Ashenzari.
 10845 | D:9      | Found a glowing golden altar of the Shining One.
 11383 | D:10     | Entered Level 10 of the Dungeon
 11665 | D:10     | Found an iron altar of Okawaru.
 12419 | Lair:1   | Entered Level 1 of the Lair of Beasts
 12455 | Lair:1   | Reached skill level 5 in Spellcasting
 12515 | Lair:1   | Identified the +1 robe "Ukkilig" {Int+4 Archmagi}
 12801 | Lair:1   | Reached skill level 5 in Dodging
 12857 | Lair:1   | You fall into a shaft and drop 1 floor!
 12876 | Lair:2   | Reached XP level 12. HP: 93/94 MP: 19/19
 12942 | Lair:2   | Noticed a death yak
 12946 | Lair:2   | Noticed a death yak
 12946 | Lair:2   | Noticed a death yak
 12947 | Lair:2   | Noticed a death yak
 12949 | Lair:2   | Noticed a death yak
 12953 | Lair:2   | Killed a death yak
 12955 | Lair:2   | Killed a death yak
 12957 | Lair:2   | Killed a death yak
 12960 | Lair:2   | Killed a death yak
 12967 | Lair:2   | Killed a death yak
 14554 | Lair:2   | Identified the +0 chain mail "Hufergh" {rC+ rN+ Str-5
                  | Dex+3}
 14653 | Lair:1   | Noticed a death yak
 14656 | Lair:1   | Noticed a death yak
 14659 | Lair:1   | Noticed a death yak
 14661 | Lair:1   | Killed a death yak
 14664 | Lair:1   | Killed a death yak
 14665 | Lair:1   | Reached skill level 5 in Staves
 14666 | Lair:1   | Killed a death yak
 14667 | Lair:1   | Reached skill level 5 in Short Blades
 14667 | Lair:1   | Reached XP level 13. HP: 82/101 MP: 10/22
 14944 | Lair:1   | Reached skill level 5 in Stealth
 15339 | Lair:3   | Found a staircase to the Shoals.
 15754 | Lair:3   | Found a hole to the Spider Nest.
 15890 | Lair:3   | Identified the +3 scale mail "Egaol" {Str-2 Int+2 Dex+5}
 16375 | Lair:4   | Found a viscous altar of Jiyva.
 16471 | Lair:4   | Found a staircase to the Slime Pits.
 16515 | Lair:4   | Reached skill level 10 in Dodging
 17473 | Lair:5   | Entered Level 5 of the Lair of Beasts
 17611 | Lair:5   | Noticed Sonja
 17617 | Lair:5   | Killed Sonja
 17922 | Lair:5   | Reached XP level 14. HP: 95/108 MP: 12/23
 17938 | Lair:5   | Learned a level 3 spell: Fugue of the Fallen
 18539 | Lair:5   | Reached skill level 12 in Evocations
 19649 | Lair:4   | Bought a Trismegistus Codex for 364 gold pieces
 19649 | Lair:4   | Bought a book of Wicked Creation for 468 gold pieces
 19652 | Lair:4   | Acquired an adeledicnander matrix {rF+ rC+ Regen+ RegenMP+}
 19656 | Lair:4   | Bought the +0 pair of boots of Vehumet's Regard {Int+4} for
                  | 278 gold pieces
 19695 | Lair:4   | Bought a scroll of identify for 32 gold pieces
 19695 | Lair:4   | Bought a scroll of enchant armour for 120 gold pieces
 19695 | Lair:4   | Bought a scroll of teleportation for 48 gold pieces
 19695 | Lair:4   | Bought a scroll of enchant weapon for 120 gold pieces
 19707 | Lair:4   | Learned a level 4 spell: Ignite Poison
 20051 | Lair:5   | Reached skill level 1 in Armour
 20051 | Lair:5   | Reached skill level 13 in Evocations
 20071 | Lair:5   | Found a large runed translucent door.
 20072 | Lair:5   | Found a large runed translucent door.
 20124 | Lair:5   | Identified the staff "Xaifreni" {rElec rF- rN+ Dex+8 Stlth-
                  | Necro}
 20396 | Orc:1    | Entered Level 1 of the Orcish Mines
 20439 | Orc:1    | Found a roughly hewn altar of Beogh.
 20638 | Orc:2    | Entered Level 2 of the Orcish Mines
 20681 | Orc:2    | Found a staircase to the Elven Halls.
 20687 | Orc:2    | Found a roughly hewn altar of Beogh.
 21060 | Orc:2    | Found a runed translucent gate.
 21061 | Orc:2    | Found a runed translucent gate.
 21066 | Orc:2    | Found a runed translucent gate.
 21110 | Orc:2    | Found a roughly hewn altar of Beogh.
 21248 | Orc:2    | Paralysed by an orc sorcerer for 5 turns
 21262 | Orc:2    | Paralysed by an orc sorcerer for 5 turns
 21277 | Orc:2    | Noticed jasper's ghost (journeyman MDFi)
 21307 | Orc:2    | Found Loror's Distillery.
 21307 | Orc:2    | Found Oxij's Assorted Antiques.
 21307 | Orc:2    | Found Ofua's Armour Emporium.
 21316 | Orc:2    | Found Cushreb's Distillery.
 21357 | Orc:2    | Bought a scroll of blinking for 142 gold pieces
 21357 | Orc:2    | Bought a scroll of enchant weapon for 142 gold pieces
 21361 | Orc:2    | Bought a potion of might for 52 gold pieces
 21361 | Orc:2    | Bought 2 potions of heal wounds for 130 gold pieces
 21361 | Orc:2    | Bought 2 potions of mutation for 208 gold pieces
 21368 | Orc:2    | Bought a potion of brilliance for 72 gold pieces
 21914 | D:11     | Reached XP level 15. HP: 113/113 MP: 27/27
 22025 | D:11     | Noticed Erolcha
 22036 | D:11     | Killed Erolcha
 22248 | D:11     | Identified the +1 short sword "Teacran" {vamp, rF+ Will+
                  | Str+3 Int+3}
 22729 | D:12     | Reached skill level 14 in Evocations
 22968 | D:12     | Found a glowing silver altar of Zin.
 23118 | D:13     | Found Usots's Assorted Antiques.
 23155 | D:13     | Found a gate leading to a gauntlet.
 23190 | Gauntlet | Entered a Gauntlet
 23190 | Gauntlet | Found a large runed translucent door.
 23190 | Gauntlet | Found a large runed translucent door.
 23190 | Gauntlet | Found a large runed translucent door.
 23190 | Gauntlet | Found a large runed translucent door.
 23190 | Gauntlet | Found a large runed translucent door.
 23190 | Gauntlet | Found a large runed translucent door.
 23190 | Gauntlet | Found a large runed translucent door.
 23190 | Gauntlet | Found a large runed translucent door.
 23190 | Gauntlet | Found a runed translucent door.
 23190 | Gauntlet | Found a runed translucent gate.
 23190 | Gauntlet | Found a transporter.
 23190 | Gauntlet | Found a transporter.
 23190 | Gauntlet | Found a runed translucent gate.
 23190 | Gauntlet | Found a transporter.
 23191 | Gauntlet | Found a transporter.
 23194 | Gauntlet | Found a transporter.
 23195 | Gauntlet | Found a runed translucent gate.
 23195 | Gauntlet | Found a runed translucent door.
 23199 | Gauntlet | Found a large runed translucent door.
 23199 | Gauntlet | Found a large runed translucent door.
 23204 | Gauntlet | Found a transporter.
 23236 | Gauntlet | Found a large runed translucent door.
 23236 | Gauntlet | Found a large runed translucent door.
 23239 | Gauntlet | Found a large runed translucent door.
 23239 | Gauntlet | Found a large runed translucent door.
 23240 | Gauntlet | Found a large runed translucent door.
 23241 | Gauntlet | Found a large runed translucent door.
 23270 | Gauntlet | Found a transporter.
 23280 | Gauntlet | Found a transporter.
 23295 | Gauntlet | Found a transporter.
 23307 | Gauntlet | Found a transporter.
 23320 | Gauntlet | Found a transporter.
 23326 | Gauntlet | Found a transporter.
 23502 | Gauntlet | Identified the +0 pair of gloves of Nuliukhu {Fly rC- rN+
                  | MP+9 Str+3}
 23520 | Gauntlet | Learned a level 6 spell: Death Channel
 23548 | Gauntlet | Identified the +8 mace of the Goat {drain, Dex+2}
 23548 | Gauntlet | Identified the +0 chain mail of Uttetor {rElec Int+6 SInv}
 24252 | D:13     | Found a gate to the Vaults.
 24262 | D:13     | Reached skill level 5 in Armour
 24387 | D:14     | Found a hide-covered altar of Uskayaw.
 24459 | D:14     | Noticed Lodul
 24470 | D:14     | Killed Lodul
 24902 | D:14     | Noticed Josephine
 24908 | D:14     | Killed Josephine
 25075 | D:14     | Found an ancient bone altar of Kikubaaqudgha.
 25154 | D:14     | Reached XP level 16. HP: 84/120 MP: 29/29
 25315 | D:13     | Bought a potion of enlightenment for 180 gold pieces
 25317 | D:13     | Bought a lightning rod (4/4) for 800 gold pieces
 25339 | D:15     | Entered Level 15 of the Dungeon
 25600 | D:15     | Identified the +11 mace of Takuas {freeze, rF+ Str+4 Dex+3}
 25986 | D:15     | Found a portal to a secret trove of treasure.
 26151 | D:15     | Found a staircase to the Depths.
 26638 | Spider:1 | Entered Level 1 of the Spider Nest
 26665 | Spider:1 | Reached skill level 10 in Necromancy
 26666 | Spider:1 | Reached skill level 10 in Short Blades
 27012 | Spider:1 | You fall into a shaft and drop 1 floor!
 27471 | Spider:2 | Reached skill level 10 in Fighting
 27510 | Spider:2 | Reached skill level 15 in Evocations
 27604 | Spider:2 | Reached skill level 10 in Spellcasting
 27615 | Spider:2 | Reached XP level 17. HP: 116/129 MP: 31/31
 28230 | Spider:3 | Bought a pair of runed gloves for 292 gold pieces
 28255 | Spider:3 | Noticed Agnes
 28262 | Spider:3 | Reached skill level 16 in Evocations
 28272 | Spider:3 | Killed Agnes
 28433 | Spider:3 | Noticed Arachne
 28487 | Spider:3 | Killed Arachne
 28734 | Spider:3 | Noticed Mlioglotl
 28749 | Spider:3 | Killed Mlioglotl
 29038 | Spider:3 | Learned a level 6 spell: Permafrost Eruption
 29260 | Spider:4 | Entered Level 4 of the Spider Nest
 29268 | Spider:4 | Reached skill level 1 in Ice Magic
 29477 | Spider:4 | Reached skill level 17 in Evocations
 29917 | Spider:4 | Reached XP level 18. HP: 95/140 MP: 1/33
 30296 | Spider:4 | Reached skill level 5 in Earth Magic
 30541 | Spider:4 | Learned a level 5 spell: Freezing Cloud
 30714 | Spider:4 | Got a gossamer rune of Zot
 30983 | Shoals:1 | Entered Level 1 of the Shoals
 31437 | Shoals:1 | Noticed Kirke
 31452 | Shoals:1 | Killed Kirke
 31454 | Shoals:1 | Reached skill level 18 in Evocations
 31460 | Shoals:1 | Reached skill level 5 in Ice Magic
 31607 | Shoals:1 | Identified the granite talisman of Amorality {Str+4 Int-3
                  | Dex+3 Stlth+}
 31607 | Shoals:1 | Noticed Roxanne
 31660 | Shoals:1 | Killed Roxanne
 31719 | Shoals:1 | Reached skill level 5 in Conjurations
 31719 | Shoals:1 | Reached skill level 5 in Air Magic
 31977 | Shoals:1 | Noticed Louise
 31990 | Shoals:1 | Killed Louise
 32259 | Shoals:2 | Bought a pair of polished gloves for 351 gold pieces
 32259 | Shoals:2 | Identified the +0 pair of gloves of the Zebra {rC+ Str+6}
                  | (You bought it in a shop on level 2 of the Shoals)
 33034 | Shoals:2 | Found a runed translucent door.
 33035 | Shoals:2 | Noticed Duttonia's ghost (journeyman MeWn)
 33287 | Shoals:2 | Bought a twisted scale mail for 333 gold pieces
 33287 | Shoals:2 | Identified the +9 scale mail "Kaudall" {rC++} (You bought
                  | it in a shop on level 2 of the Shoals)
 33329 | Shoals:2 | Bought a book of Minor Magic for 272 gold pieces
 33393 | Shoals:2 | Killed Duttonia's ghost
 33640 | Shoals:3 | Identified the +7 lajatang of Irphuat {protect, Int+3}
 34324 | Shoals:4 | Entered Level 4 of the Shoals
 34408 | Shoals:4 | Reached XP level 19. HP: 133/149 MP: 34/34
 35142 | Shoals:4 | Got a barnacled rune of Zot
 35591 | Shoals:4 | Noticed Mara
 35607 | Shoals:4 | Noticed hikkokomori's illusion
 35624 | Shoals:4 | Noticed hikkokomori's illusion
 36408 | Elf:1    | Entered Level 1 of the Elven Halls
 37058 | Elf:1    | Identified the +1 chain mail "Ecveiwk" {rCorr Slay+2}
 37447 | Elf:1    | Found Ugirong's Weapon Emporium.
 38101 | Elf:2    | Paralysed by an air elemental for 1 turns
 38135 | Elf:2    | Reached skill level 10 in Alchemy
 38239 | Elf:2    | Found a runed translucent gate.
 38239 | Elf:2    | Found a runed translucent gate.
 38239 | Elf:2    | Found a runed translucent gate.
 38471 | Elf:2    | Noticed a Hell Sentinel
 38525 | Elf:2    | Learned a level 2 spell: Blink
 38535 | Elf:2    | Reached XP level 20. HP: 156/156 MP: 36/36
 38544 | Elf:2    | Learned a level 6 spell: Permafrost Eruption
 39469 | Elf:2    | Identified the blade talisman "Wuaxenet" {rF- rC+ Will+}
 39700 | Elf:3    | Entered Level 3 of the Elven Halls
 39904 | Elf:3    | Found Iluis's Distillery.
 39974 | Elf:3    | Bought a potion of mutation for 104 gold pieces
 39974 | Elf:3    | Bought a potion of mutation for 104 gold pieces
 39974 | Elf:3    | Bought a potion of might for 52 gold pieces
 39974 | Elf:3    | Bought a potion of enlightenment for 65 gold pieces
 39974 | Elf:3    | Bought a potion of enlightenment for 65 gold pieces
 39974 | Elf:3    | Bought a potion of resistance for 130 gold pieces
 39974 | Elf:3    | Bought a potion of curing for 39 gold pieces
 39974 | Elf:3    | Bought a potion of curing for 39 gold pieces
 40466 | Abyss:2  | Cast into level 2 of the Abyss (a deep elf demonologist)
 41065 | Elf:3    | Escaped the Abyss
 41079 | Elf:3    | Reached skill level 10 in Ice Magic
 41089 | Elf:3    | Killed from afar by a deep elf annihilator

Illustrated notes

Levels and vault maps discovered:
D:1:      dpeg_arrival_chambers_temple_mockup, layout_basic,
          hellmonk_ecumenical_altar_prayer_group, minmay_tetromino_l4
D:2:      layout_loops_ring, serial_bayou, serial_bayou_pond_a,
          serial_bayou_pond_e, serial_bayou_ford_a, serial_bayou_pond_e,
          serial_bayou_shore_b, serial_bayou_pond_c, uniq_terence
D:3:      layout_basic, kennysheep_generic_room_6
D:4:      cheibrodos_helix_gallery, layout_basic, tgw_sif, trog_ov_bears_minmay,
          marbit_many_paths, minmay_temple_entry_waves, minmay_fountain_box,
          minmay_diced_spiral, uniq_edmund, uniq_menkaure, uniq_ijyb, uniq_robin
D:5:      layout_loops_corners, mainiacjoe_overflow_chevrons, elyvilon_altar_5
D:6:      layout_basic, chei_slow_surprise, uniq_pikel
D:7:      layout_loops_ring, mainiacjoe_overflow_cross_hatched,
          uniq_prince_ribbit1
D:8:      layout_basic, kennysheep_little_box, due_lair_maze_entry_diamond,
          serial_shops, shop, enter_bailey_3, nicolae_sextant, uniq_psyche
D:9:      layout_roguey, ashenzari_conservatory_becter, tso_oasis_becter,
          david_orc_3, grunt_ministairs_7, uniq_grum
D:10:     layout_roguey, okawaru_humans, lemuel_flamethrower_2
D:11:     layout_basic, uniq_erolcha
D:12:     layout_rooms, zin_academy
D:13:     layout_loops_ring, skrybe_vaults_entry_preservation, serial_shops,
          nicolae_take_the_stairs, gauntlet_entry_generic,
          onia_ninara_dug_in_and_dangerous
D:14:     layout_basic, nicolae_kikubaaqudgha_miasma_corner,
          nicolae_uskayaw_suspiria, uniq_josephine, uniq_lodul
D:15:     grunt_enter_depths_magical_seal, layout_irregular_city,
          nicolae_trove_entry_crossroad
Temple:   bh_familiar_temple
Lair:1:   layout_roguey, wad_woods_river_02, st_stairs_9,
          infiniplex_staircase_pool_2
Lair:2:   layout_layer_cave, minmay_lindwurm_lava
Lair:3:   layout_long_grid, nicolae_shoals_entry_roost,
          spider_nest_entry_web_field, serial_bayou_shore_b,
          serial_bayou_shore_a
Lair:4:   layout_cave_pods, nicolae_slime_entry_field_trip
Lair:5:   cheibrodos_lair_end_hotspot, layout_long_grid, st_stairs_11,
          uniq_sonja
Shoals:1: layout_shoals, nicolae_shoals_loop_pool, uniq_roxanne, uniq_louise,
          uniq_kirke
Shoals:2: layout_shoals, ebering_ghost_reflecting_pool
Shoals:3: layout_shoals, nicolae_shoals_elemental_ambush
Shoals:4: shoals_end_grunt_ice, layout_shoals, uniq_mara
Spider:1: layout_spider_delve
Spider:2: layout_spider_delve, hellmonk_test_site
Spider:3: nicolae_spider_hilbert_zone_4 [nicolae_spider_hilbert_4_sides_2_open,
          nicolae_spider_hilbert_4_sides_1_open,
          nicolae_spider_hilbert_4_sides_1_open,
          nicolae_spider_hilbert_4_sides_1_open,
          nicolae_spider_hilbert_4_sides_1_open,
          nicolae_spider_hilbert_2_sides_1_open,
          nicolae_spider_hilbert_2_sides_1_open,
          nicolae_spider_hilbert_2_sides_1_open,
          nicolae_spider_hilbert_2_sides_1_open,
          nicolae_spider_hilbert_6_sides_1_open,
          nicolae_spider_hilbert_6_sides_1_open,
          nicolae_spider_hilbert_3_sides_1_open,
          nicolae_spider_hilbert_3_sides_1_open], special_room
          [special_room_bee], uniq_arachne, uniq_agnes, uniq_mlioglotl
Spider:4: floodkiller_spider_rune_tomb
Orc:1:    layout_caves, serial_shops, basic_altar
Orc:2:    st_orc_mages, layout_diamond_mine, basic_altar,
          gammafunk_ghost_necromancy, dreamdust_deal_with_the_devil,
          nicolae_orc_beogh_chapel
Elf:1:    nicolae_elf_arrival_no_cutting_in_line, layout_loops_cross,
          serial_shops, shop, nicolae_elf_martial_mastery
Elf:2:    nicolae_elf_blades_splatter_lattice [nicolae_blade_tridents],
          layout_geoelf_grid, minivault_14,
          nicolae_concentric_dashed_squares_mild
Elf:3:    minmay_elf_hall_four_x, layout_geoelf_octagon, serial_shops,
          nicolae_shop_industrial_runoff

Skill      XL: |  1  2  3  4  5  6  7  8  9 10 11 12 13 14 15 16 17 18 19 20 |
---------------+-------------------------------------------------------------+-----
Conjurations   | 1 2 3 4 6 7 |  7.0
Spellcasting   | 2 3 4 5 6 8 9 10 11 12 | 12.6
Alchemy        | 4 5 6 7 8 10 | 10.0
Air Magic      | 1 2 3 4 5 |  5.0
Fighting       | 2 3 5 6 8 9 10 12 13 | 13.8
Evocations     | 3 4 7 8 10 11 13 14 15 17 18 | 18.0
Necromancy     | 2 4 6 7 8 10 | 10.0
Dodging        | 5 7 13 | 13.0
Staves         | 3 5 7 8 9 |  9.2
Short Blades   | 3 5 7 9 10 | 10.0
Earth Magic    | 2 3 4 5 8 9 |  9.0
Stealth        | 2 4 5 7 |  7.0
Armour         | 3 5 |  5.0
Ice Magic      | 3 7 9 10 | 10.0

Action                     |  1- 3 |  4- 6 |  7- 9 | 10-12 | 13-15 | 16-18 | 19-21 || total
---------------------------+-------+-------+-------+-------+-------+-------+-------++-------
  Melee: Whip              |    42 |       |       |       |       |       |       ||    42
         Dagger            |     4 |    73 |   163 |    57 |       |       |       ||   297
         Broad axe         |       |    79 |       |       |       |       |       ||    79
         Flail             |       |       |   175 |    52 |       |       |       ||   227
         Quick blade       |       |       |       |   241 |   805 |  1132 |   704 ||  2882
         Staff             |       |       |       |   143 |   409 |   578 |   338 ||  1468
         Unarmed           |       |       |       |       |       |     8 |       ||     8
   Cast: Sting             |    75 |    29 |     8 |       |     8 |       |       ||   120
         Mephitic Cloud    |       |     3 |    14 |    10 |    15 |    35 |    20 ||    97
         Olgreb's Toxic Ra |       |       |     5 |    49 |    82 |    93 |    80 ||   309
         Dispel Undead     |       |       |       |     4 |       |     2 |     5 ||    11
         Stone Arrow       |       |       |       |       |    25 |     8 |    60 ||    93
         Ignite Poison     |       |       |       |       |    12 |    53 |    46 ||   111
         Fugue of the Fall |       |       |       |       |     2 |     1 |       ||     3
         Swiftness         |       |       |       |       |     2 |     2 |       ||     4
         Death Channel     |       |       |       |       |     1 |     4 |     4 ||     9
         Freezing Cloud    |       |       |       |       |       |    20 |    38 ||    58
         Permafrost Erupti |       |       |       |       |       |       |     8 ||     8
         Blink             |       |       |       |       |       |       |     1 ||     1
 Invoke: Call Merchant     |       |       |       |       |     3 |     4 |       ||     7
Ability: Invent Gizmo      |       |       |       |       |     1 |       |       ||     1
  Evoke: Wand              |       |     2 |     2 |    21 |    24 |    15 |    13 ||    77
         Lightning rod     |       |       |       |       |       |     6 |     1 ||     7
         Sack of spiders   |       |       |       |       |       |     1 |     1 ||     2
         Tin of tremorston |       |       |       |       |       |       |     4 ||     4
         Phial of floods   |       |       |       |       |       |       |     1 ||     1
    Use: Potion            |     1 |     4 |     1 |     4 |     2 |    13 |    12 ||    37
         Scroll            |       |     7 |     5 |    15 |    15 |    18 |    10 ||    70
   Stab: Sleeping          |     1 |     3 |     1 |     1 |    16 |    10 |       ||    32
         Confused          |       |     7 |    12 |    10 |    14 |     3 |     1 ||    47
         Distracted        |       |       |     1 |     3 |     6 |    15 |     4 ||    29
 Armour: Robe              |    55 |    58 |   115 |    49 |   284 |   489 |   218 ||  1268
         Leather armour    |       |       |    57 |   103 |       |       |       ||   160
         Skin              |       |       |       |       |       |     2 |       ||     2
  Dodge: Dodged            |    62 |    62 |   130 |   107 |   478 |   790 |   333 ||  1962
         Repelled          |       |       |       |       |       |    11 |    70 ||    81
         Form:             |       |       |       |       |       |       |     1 ||     1
         Statue            |       |       |       |       |       |       |     1 ||     1

Table legend: (Time is in decaauts)
 A = Elapsed time spent in this place.
 B = Non-inter-level travel time spent in this place.
 C = Inter-level travel time spent in this place.
 D = Time resting spent in this place.
 E = Time spent auto-exploring this place.
 F = Levels seen in this place.
 G = Mean time per level.
                   A        B        C        D        E       F      G
               +--------+--------+--------+--------+--------+-----+--------+
         Total |  41038 |  38717 |   2321 |   3001 |  26969 |  37 | 1109.1 |
       Dungeon |  15860 |  14590 |   1270 |    528 |  11277 |  15 | 1057.3 |
        Temple |     71 |      1 |     70 |      0 |      0 |   1 |   71.0 |
          Lair |   8119 |   7729 |    390 |    713 |   5542 |   5 | 1623.8 |
        Shoals |   5096 |   4889 |    207 |    633 |   3155 |   4 | 1274.0 |
   Spider Nest |   4306 |   4149 |    157 |    187 |   2713 |   4 | 1076.5 |
  Orcish Mines |   1364 |   1286 |     78 |     13 |    945 |   2 |  682.0 |
   Elven Halls |   3988 |   3841 |    147 |    237 |   2670 |   3 | 1329.3 |
         Abyss |    573 |    573 |      0 |    144 |    140 |   1 |  573.0 |
        Bailey |   1177 |   1177 |      0 |    533 |    223 |   1 | 1177.0 |
      Gauntlet |    479 |    479 |      0 |     13 |    302 |   1 |  479.0 |
               +--------+--------+--------+--------+--------+-----+--------+

Top non-repeatable levels by time:
  Lair:5: 2281 daAuts
  Lair:2: 1932 daAuts
   Elf:2: 1923 daAuts
  Lair:4: 1817 daAuts
Spider:4: 1695 daAuts
Shoals:4: 1505 daAuts
     D:4: 1440 daAuts
     D:1: 1368 daAuts
Shoals:1: 1297 daAuts
   Elf:1: 1291 daAuts
  Lair:1: 1254 daAuts
     D:3: 1249 daAuts
Shoals:2: 1240 daAuts
     D:7: 1210 daAuts
     D:8: 1188 daAuts
